[Event "Austrian Women Bundesliga 2023-24"]
[Site "Austria"]
[Date "2024.04.13"]
[Round "8.16"]
[White "Mihelic, Vesna"]
[Black "Wielander, Magdalena"]
[Result "1-0"]
[ECO "C24"]
[WhiteElo "2157"]
[BlackElo "1622"]
[Annotator "RC"]
[PlyCount "109"]
[EventDate "2023.11.21"]
[EventType "team-tourn"]
[EventCountry "AUT"]
[SourceTitle "playchess.com"]
[Source "ChessBase"]
[SourceQuality "1"]
[TimeControl "40/5400+30:1800+30"]

1. e4 e5 2. Nf3 Nc6 3. Bc4 Nf6 4. d3 d5 5. exd5 Nxd5 6. O-O Be7 7. Re1 f6 8. d4 Nb6 9. Bb5 Bg4 10. h3 Bh5 11. g4 Bg6 12. dxe5 Qxd1 13. Rxd1 Bxc2 14. Rd2 Be4 15. exf6 Bxf3 16. fxe7 Kxe7 17. Rd3 Rhf8 18. Bg5+ Ke6 19. Nc3 h6 20. Re1+ Ne5 21. Bh4 c6 22. Bg3 Nbd7 23. Bc4+ Bd5 24. Nxd5 cxd5 25. Rxd5 Kf6 26. Bxe5+ Nxe5 27. Rdxe5 Rad8 28. Rf5+ Kg6 29. Re6+ Rf6 30. Rexf6+ gxf6 31. Rd5 Re8 32. Bd3+ Kf7 33. Rd7+ Ke6 34. Rxb7 Rd8 35. Bf5+ Ke5 36. Rxa7 Rd2 37. Rb7 Kf4 38. Kg2 Rd1 39. a4 Ra1 40. Rb4+ Ke5 41. b3 Ra3 42. Bd3 Kd5 43. Bc4+ Kd4 44. Rb6 Kc3 45. Rxf6 Ra1 46. Rxh6 Re1 47. a5 Re7 48. a6 Kb4 49. Rb6+ Kc5 50. Rb7 Re8 51. a7 Ra8 52. Rd7 Kb6 53. Bd5 Rxa7 54. Rxa7 Kxa7 55. g5 1-0

[Event "Austrian Women Bundesliga 2023-24"]
[Site "Austria"]
[Date "2024.04.13"]
[Round "8.17"]
[White "Berke, Ana"]
[Black "Katter, Katharina"]
[Result "1-0"]
[ECO "B53"]
[WhiteElo "2066"]
[BlackElo "1962"]
[Annotator "NA RC"]
[PlyCount "83"]
[EventDate "2023.11.21"]
[EventType "team-tourn"]
[EventCountry "AUT"]
[SourceTitle "playchess.com"]
[Source "ChessBase"]
[SourceQuality "1"]
[TimeControl "40/5400+30:1800+30"]

1. e4 c5 2. Nf3 d6 3. d4 cxd4 4. Qxd4 Nc6 5. Bb5 a6 6. Bxc6+ bxc6 7. c4 e5 8. Qd3 Ne7 9. c5 Ng6 10. cxd6 Qxd6 11. Qxd6 Bxd6 12. O-O a5 13. Be3 Rb8 14. b3 Ba6 15. Rc1 Ke7 16. Nbd2 Rhc8 17. Nc4 Bxc4 18. Rxc4 Rb4 19. Rac1 Ra8 20. Rxc6 Rxe4 21. Nd2 Rg4 22. h3 Rd4 23. Bxd4 exd4 24. Nc4 Bb4 25. g3 Rd8 26. h4 f6 27. a3 Bc3 28. Rc7+ Kf8 29. Kg2 Ne5 30. Nxe5 fxe5 31. Kf3 Rb8 32. Rb1 Rb6 33. Ke4 Rf6 34. f3 Rg6 35. b4 axb4 36. axb4 Rxg3 37. b5 Rh3 38. b6 Rxh4+ 39. Kd5 Ba5 40. Ra7 e4 41. fxe4 Rh5+ 42. e5 1-0

[Event "Austrian Women Bundesliga 2023-24"]
[Site "Austria"]
[Date "2024.04.13"]
[Round "8.18"]
[White "Frey, Alisa"]
[Black "Kejzar, Petra"]
[Result "0-1"]
[ECO "B32"]
[WhiteElo "2016"]
[BlackElo "2049"]
[Annotator "NA RC"]
[PlyCount "100"]
[EventDate "2023.11.21"]
[EventType "team-tourn"]
[EventCountry "AUT"]
[SourceTitle "playchess.com"]
[Source "ChessBase"]
[SourceQuality "1"]
[TimeControl "40/5400+30:1800+30"]

1. e4 c5 2. Nf3 Nc6 3. d4 cxd4 4. Nxd4 e5 5. Nb5 d6 6. c4 Be6 7. N1c3 a6 8. Na3 g6 9. Be3 Bg7 10. Nd5 Nd4 11. Qa4+ Bd7 12. Qb4 Bc6 13. Bd3 Nf6 14. f3 O-O 15. Nc2 Nxc2+ 16. Bxc2 b5 17. Bd3 Rb8 18. Qc3 bxc4 19. Nxf6+ Qxf6 20. Bxc4 Rfc8 21. Rc1 Bb5 22. b3 Bh6 23. O-O Bxe3+ 24. Qxe3 Bxc4 25. Rxc4 Rxc4 26. bxc4 Qd8 27. c5 dxc5 28. Qxc5 Rb5 29. Qe3 Kg7 30. h3 Rb2 31. Rf2 Qd1+ 32. Kh2 Rb1 33. Qc5 Qg1+ 34. Kg3 Rb5 35. Qc3 h5 36. f4 h4+ 37. Kf3 Qh2 38. Ke2 Qg3 39. Qxg3 hxg3 40. Rf1 Rb2+ 41. Ke3 Rxg2 42. Ra1 Rh2 43. fxe5 g2 44. Kf2 Rxh3 45. a4 Rh1 46. Rg1 Rxg1 47. Kxg1 Kf8 48. Kxg2 Ke7 49. Kf3 Ke6 50. Kf4 a5 0-1

[Event "Austrian Women Bundesliga 2023-24"]
[Site "Austria"]
[Date "2024.04.13"]
[Round "8.19"]
[White "Hiebler, Laura"]
[Black "Batyte, Daiva"]
[Result "1/2-1/2"]
[ECO "A34"]
[WhiteElo "1999"]
[BlackElo "2046"]
[Annotator "RC"]
[PlyCount "86"]
[EventDate "2023.11.21"]
[EventType "team-tourn"]
[EventCountry "AUT"]
[SourceTitle "playchess.com"]
[Source "ChessBase"]
[SourceQuality "1"]
[TimeControl "40/5400+30:1800+30"]

1. c4 Nf6 2. Nc3 c5 3. g3 Nc6 4. Bg2 e6 5. Nf3 d5 6. cxd5 Nxd5 7. O-O Be7 8. Nxd5 exd5 9. d4 c4 10. b3 cxb3 11. Qxb3 O-O 12. Bf4 Na5 13. Qc2 Nc4 14. e4 Be6 15. Ne5 Rc8 16. Qd3 Bf6 17. Rac1 b5 18. Qe2 dxe4 19. Qxe4 Nd6 20. Qe2 Bxe5 21. Qxe5 Nc4 22. Qxb5 Qxd4 23. Rfd1 Qb6 24. Qxb6 axb6 25. Bd5 Bxd5 26. Rxd5 h6 27. Rd4 Na5 28. Rxc8 Rxc8 29. Rb4 Nc4 30. g4 g5 31. Bg3 f6 32. Kf1 Kf7 33. Ke2 Rc6 34. a4 Ke6 35. Kd3 Kd5 36. f4 gxf4 37. Bxf4 Ne5+ 38. Bxe5 fxe5 39. Rb5+ Ke6 40. h3 Rd6+ 41. Ke4 Rd4+ 42. Ke3 Rd6 43. Ke4 Rd4+ 1/2-1/2

[Event "Austrian Women Bundesliga 2023-24"]
[Site "Austria"]
[Date "2024.04.13"]
[Round "8.20"]
[White "Landl, Margot"]
[Black "Tarmastin, Laura"]
[Result "1-0"]
[ECO "B01"]
[WhiteElo "1962"]
[BlackElo "1929"]
[Annotator "TA"]
[PlyCount "69"]
[EventDate "2023.11.21"]
[EventType "team-tourn"]
[EventCountry "AUT"]
[SourceTitle "playchess.com"]
[Source "ChessBase"]
[SourceQuality "1"]
[TimeControl "40/5400+30:1800+30"]

1. e4 d5 2. exd5 Qxd5 3. Nc3 Qd8 4. d4 Bf5 5. Nf3 h6 (5... e6 $14) 6. Bd3 (6. Ne5 $1 $16) 6... Bxd3 $14 7. Qxd3 ({But not} 7. cxd3 c6 $11) 7... c6 {[%emt 0:00:21] Inhibits Qb5.} 8. Bf4 {[%emt 0:04:53] White is better.} e6 9. Ne4 {[%emt 0:09:22] White has more active pieces.} Nf6 10. Nxf6+ $1 gxf6 11. O-O-O Bd6 12. Bg3 Na6 13. a3 {[%emt 0:06:45] Repels Nb4} Bxg3 ({Better is} 13... Qd7 $14) 14. hxg3 $16 ({Don't play} 14. fxg3 Qe7 $14) 14... f5 (14... Qd5 $16) 15. Rh4 (15. Qe3 $18) 15... Nc7 {[%emt 0:04:41] [#]} (15... Qd6 $16 16. Kb1 Nc7) 16. Rdh1 (16. Qb3 $1 $18 b6 17. Ne5) 16... Qf6 17. Qd2 O-O-O 18. Rxh6 Qg7 19. Ne5 Rxh6 20. Qxh6 Qxh6+ 21. Rxh6 Rxd4 22. Nxf7 {[%emt 0:04:55][%mdl 4096] Endgame. Hoping for Rh8+. KRN-KRN} b5 23. c3 Rd5 24. Kc2 Kb7 25. Rh7 Kb6 {[%emt 0:00:18] [#]} 26. Rh8 $1 Rd7 (26... a6 {was necessary.} 27. Rb8+ Ka7) 27. Ne5 $18 Rd5 (27... Re7 {might work better.} 28. Rb8+ Kc5) 28. Rb8+ Kc5 29. f4 Rd6 30. Rb7 Ne8 31. Rxa7 Nf6 32. Nf7 Rd5 33. Ra6 {[%emt 0:01:46] Intending b4+ and mate.} Ne4 $2 (33... Rd7) 34. b4+ Kc4 35. Rxc6+ {[%emt 0:00:34] Weighted Error Value: White=0.23 (precise) /Black=0.42.  Mistake:       	White=2     	Black=6      Inaccurate:     	White=3     	Black=3      OK:         	White=10    	Black=3      Best:        	White=3     	Black=5      Strong:       	White=1     	---} 1-0

[Event "Austrian Women Bundesliga 2023-24"]
[Site "Austria"]
[Date "2024.04.14"]
[Round "9.1"]
[White "Katter, Katharina"]
[Black "Babiy, Olga"]
[Result "0-1"]
[ECO "A49"]
[WhiteElo "1962"]
[BlackElo "2306"]
[Annotator "TA"]
[PlyCount "88"]
[EventDate "2023.11.21"]
[EventType "team-tourn"]
[EventCountry "AUT"]
[SourceTitle "playchess.com"]
[Source "ChessBase"]
[SourceQuality "1"]
[TimeControl "40/5400+30:1800+30"]

1. d4 Nf6 2. Nf3 g6 3. g3 Bg7 4. Bg2 O-O 5. O-O d6 6. Nc3 Nbd7 7. a4 c6 8. a5 Qc7 9. Qd3 Re8 {[%emt 0:03:03] White is slightly better.} 10. Rd1 b5 11. axb6 Nxb6 12. e4 a5 13. b3 Nfd7 14. Bf4 Ba6 15. Qd2 c5 $1 16. dxc5 (16. Rxa5 Nc4 $17) (16. Be3 $11) 16... Qxc5 $15 17. Na4 Nxa4 18. Rxa4 Bc3 19. Qe3 Bb5 20. Ra2 Rec8 21. Qxc5 Nxc5 22. e5 (22. Nd4 $2 Bxd4 23. Rxd4 e5 24. Rxd6 exf4 $19) 22... Be2 23. Rd5 dxe5 (23... Na6 $15 24. exd6 Nb4) 24. Bxe5 ({White should play} 24. Nxe5 $14 f6 25. Nxg6 hxg6 26. Rxc5 Rxc5 27. Bxa8) 24... Ne6 (24... e6 $11 {remains equal.} 25. Rxc5 Rxc5 26. Bxc3 Rxc3) 25. Nd4 ({White should try} 25. Bxc3 $16 Rxc3 26. Ne1) 25... Nxd4 (25... Bxd4 $1 $11 26. Bxd4 a4) 26. Bxd4 $14 Ra6 27. Bxc3 Rxc3 28. Re5 Bd1 29. Be4 Rd6 (29... Kf8 $14) 30. Rxe7 (30. Rexa5 $6 Rd2 $11) (30. Kf1 $1 $16) 30... Rd2 $11 31. Rxa5 {[%emt 0:00:00] [#] Ra8+ is the strong threat.} Bf3 $1 (31... Bxc2 32. Bd5 Rxd5 33. Rxd5) 32. Bxf3 Rxf3 {[%emt 0:00:01][%mdl 4096] Endgame. KRR-KRR} 33. c4 (33. Rc5 $11) 33... Rfxf2 $17 34. Ra1 $2 (34. Rae5 $17) 34... Rg2+ $19 (34... Rxh2 35. Re3 $17) 35. Kf1 Rxh2 36. Kg1 {[%emt 0:00:24] Dodges Rh1+} Rdg2+ 37. Kf1 Rb2 38. Kg1 {[%emt 0:00:25] Inhibits Rh1+.} Rhg2+ 39. Kh1 Rxg3 (39... Rgc2 $19 40. Rae1 Rxb3) 40. Rf1 $17 Rh3+ (40... Rbxb3 41. Rfxf7 Rgd3 42. Rg7+ Kf8 43. Rgf7+ Kg8 44. Rg7+ Kf8 45. Rgf7+ Kg8 $11) 41. Kg1 Rg3+ (41... Rhxb3 42. Rfxf7 Rh3 43. Rg7+ Kh8 44. Rd7 $11) (41... Rd3 $142) 42. Kh1 Rc3 {[%emt 0:00:00] And now ...Rcc2 would win.} (42... Rbxb3 43. Rfxf7 Rh3+ 44. Kg2 $11) 43. Rc7 $2 {[%emt 0:00:00][%mdl 8192] [#]} (43. Rexf7 $17 Rcc2 (43... Rbxb3 44. Rc7 $17) (43... Rcxb3 44. Rf8+ Kg7 45. R1f7+ Kh6 46. Rh8 $15) 44. R1f3) 43... Rcc2 $1 $19 {[%emt 0:00:00] ( -> ...Rh2+)} ({Not} 43... Rcxb3 44. Rfxf7 Re3 45. Rg7+ Kf8 46. Rcf7+ Ke8 47. Kg1 $17) 44. Ra1 Rxb3 {[%emt 0:00:00] Weighted Error Value: White=0.34/Black=0.19 (very precise) .  Loses game:     	White=3     	---        Mistake:       	White=5     	Black=6      Inaccurate:     	White=1     	Black=2      OK:         	White=14    	Black=14     Best:        	White=2     	Black=3      Strong:       	---       	Black=3} 0-1

[Event "Austrian Women Bundesliga 2023-24"]
[Site "Austria"]
[Date "2024.04.14"]
[Round "9.2"]
[White "Radeva, Viktoria"]
[Black "Frey, Alisa"]
[Result "1-0"]
[ECO "C55"]
[WhiteElo "2315"]
[BlackElo "2016"]
[Annotator "TA"]
[PlyCount "73"]
[EventDate "2023.11.21"]
[EventType "team-tourn"]
[EventCountry "AUT"]
[SourceTitle "playchess.com"]
[Source "ChessBase"]
[SourceQuality "1"]
[TimeControl "40/5400+30:1800+30"]

1. e4 e5 2. Nf3 Nc6 3. Bc4 Nf6 4. d3 Be7 5. O-O O-O 6. Re1 d6 7. a4 Be6 8. Bxe6 fxe6 9. c3 Qd7 10. b4 {[%emt 0:00:57] White is slightly better.} a6 11. Nbd2 Rfe8 12. Nf1 Bf8 13. Ng3 b5 14. Bg5 Qf7 15. Qb3 d5 16. h3 {[%emt 0:07:53] White is more active.} Nd7 17. Be3 {[%emt 0:04:39] [#] Black must now prevent Ng5.} Bd6 $2 {[%emt 0:02:22][%mdl 8192] A mistake that costs the game.} ({Better is} 17... h6 $14) 18. exd5 bxa4 19. Qxa4 Nd8 20. Ng5 Qe7 21. dxe6 Nxe6 {[%emt 0:02:45] Black is weak on the light squares} 22. Nf5 Qd8 23. Qb3 {[%emt 0:04:41] White is clearly winning.} Ndf8 24. d4 h6 25. Nxe6 Nxe6 26. dxe5 Bf8 27. Qc4 Qc8 28. Qc6 Kh8 29. Nh4 Kh7 30. f4 Be7 31. Qe4+ Kg8 32. Ng6 c5 33. f5 Ng5 34. Qd5+ Kh7 35. Nxe7 Rxe7 36. Bxg5 hxg5 37. f6 {[%emt 0:00:21] Weighted Error Value: White=0.16 (very precise) /Black=0.53.  Loses game:     	---       	Black=1      Inaccurate:     	White=3     	Black=3      OK:         	White=11    	Black=7      Best:        	---       	Black=1} 1-0

[Event "Austrian Women Bundesliga 2023-24"]
[Site "Austria"]
[Date "2024.04.14"]
[Round "9.3"]
[White "Batyte, Daiva"]
[Black "Khrapko, Marharyta"]
[Result "0-1"]
[ECO "A45"]
[WhiteElo "2046"]
[BlackElo "2218"]
[Annotator "TA"]
[PlyCount "42"]
[EventDate "2023.11.21"]
[EventType "team-tourn"]
[EventCountry "AUT"]
[SourceTitle "playchess.com"]
[Source "ChessBase"]
[SourceQuality "1"]
[TimeControl "40/5400+30:1800+30"]

1. d4 Nf6 2. g3 c5 3. d5 e6 4. dxe6 fxe6 5. Bg2 d5 6. c4 d4 7. e3 e5 8. exd4 {[%emt 0:01:15] The position is equal.} exd4 9. Ne2 Nc6 10. O-O Bd6 11. Bf4 (11. Bg5 $11 {should be considered.}) 11... O-O $15 12. Bxd6 Qxd6 13. Nd2 Bg4 14. h3 Bh5 15. g4 {[%emt 0:00:33] [#]} Bxg4 16. hxg4 Nxg4 17. Ng3 Nce5 {[%emt 0:02:09][%mdl 1024] ( -> ...Qh6). Black has compensation.} 18. Bh3 (18. Bxb7 {leads to mate.} Qh6) (18. Bd5+ $11 {keeps the balance.} Kh8 19. f4) 18... Rf4 {[%emt 0:04:53] Black has more active pieces.} (18... Qg6 $17 {[%cal Og4f2] Hoping for ...Nxf2!} 19. Qe2 Rae8) 19. f3 {[%emt 0:15:04][%mdl 8192] [#]} (19. Nh5 $15 Qh6 20. Nxf4 Qxf4 21. Bxg4 Nxg4 22. Nf3) 19... Ne3 $1 $19 20. Qe2 Qg6 21. Kf2 (21. Qh2) 21... Nd3+ {[%emt 0:00:18] Weighted Error Value: White=0.81/Black=0.20 (precise) .  Loses game:     	White=1     	---        Mistake:       	White=3     	Black=2      Inaccurate:     	White=1     	Black=1      OK:         	White=5     	Black=6      Best:        	White=1     	Black=1} 0-1

[Event "Austrian Women Bundesliga 2023-24"]
[Site "Austria"]
[Date "2024.04.14"]
[Round "9.4"]
[White "Anker, Christin"]
[Black "Landl, Margot"]
[Result "0-1"]
[ECO "C54"]
[WhiteElo "1914"]
[BlackElo "1962"]
[Annotator "NA RC"]
[PlyCount "104"]
[EventDate "2023.11.21"]
[EventType "team-tourn"]
[EventCountry "AUT"]
[SourceTitle "playchess.com"]
[Source "ChessBase"]
[SourceQuality "1"]
[TimeControl "40/5400+30:1800+30"]

1. e4 e5 2. Nf3 Nc6 3. Bc4 Bc5 4. c3 Nf6 5. d3 O-O 6. Bg5 h6 7. Bh4 Be7 8. O-O Nh5 9. Bxe7 Qxe7 10. Re1 d6 11. Nbd2 Be6 12. Bxe6 Qxe6 13. Nc4 Nf4 14. Ne3 Ne7 15. Nh4 Kh7 16. Nhf5 g6 17. Nxe7 Qxe7 18. Nd5 Nxd5 19. exd5 Rae8 20. f4 Qf6 21. fxe5 Rxe5 22. Rxe5 Qxe5 23. Qf3 f5 24. d4 Qe7 25. Kf1 Re8 26. Qf2 Kg7 27. Re1 Qxe1+ 28. Qxe1 Rxe1+ 29. Kxe1 f4 30. Ke2 Kf6 31. Kf3 Kf5 32. g3 fxg3 33. hxg3 h5 34. a4 g5 35. b4 g4+ 36. Ke3 Kg5 37. b5 h4 38. gxh4+ Kxh4 39. Kf2 Kg5 40. c4 b6 41. c5 Kf4 42. cxd6 cxd6 43. Kg2 g3 44. Kg1 Ke3 45. Kg2 Kxd4 46. Kxg3 Kxd5 47. Kf3 Kc4 48. Ke4 d5+ 49. Ke3 Kc3 50. Ke2 d4 51. Kd1 Kd3 52. Kc1 Ke2 0-1

[Event "Austrian Women Bundesliga 2023-24"]
[Site "Austria"]
[Date "2024.04.14"]
[Round "9.5"]
[White "Urh, Zala"]
[Black "Berke, Ana"]
[Result "1-0"]
[ECO "D35"]
[WhiteElo "2263"]
[BlackElo "2066"]
[Annotator "RC"]
[PlyCount "125"]
[EventDate "2023.11.21"]
[EventType "team-tourn"]
[EventCountry "AUT"]
[SourceTitle "playchess.com"]
[Source "ChessBase"]
[SourceQuality "1"]
[TimeControl "40/5400+30:1800+30"]

1. d4 d5 2. c4 e6 3. Nc3 Nf6 4. cxd5 exd5 5. Bg5 c6 6. e3 Bf5 7. Qf3 Bg6 8. Bxf6 Qxf6 9. Qxf6 gxf6 10. h4 h5 11. Nh3 Nd7 12. Kd2 O-O-O 13. Bd3 c5 14. Rac1 Kb8 15. Ne2 cxd4 16. Nxd4 Ne5 17. Bxg6 fxg6 18. Nf4 Bh6 19. Nfe6 Rd6 20. Rc7 Rc8 21. Rxc8+ Kxc8 22. Rc1+ Nc6 23. b4 Kb8 24. b5 Nxd4 25. Nxd4 Bf8 26. Kd3 Rd7 27. Rg1 f5 28. Rc1 Be7 29. g3 Bf6 30. a4 Bd8 31. Nb3 Bf6 32. Nd4 Bd8 33. Ne2 Bb6 34. Rc2 Rd6 35. Rd2 Kc7 36. Kc2 Kd7 37. Kb3 Bc5 38. a5 b6 39. a6 Ke6 40. Nd4+ Kf6 41. Nc6 Rd7 42. Rd1 Ke6 43. Kc3 Kf6 44. Kd3 Ke6 45. f3 Kf6 46. Rg1 Ke6 47. Rg2 Kf6 48. g4 hxg4 49. fxg4 fxg4 50. Rxg4 Rh7 51. Ke2 Kf5 52. Rg5+ Kf6 53. Rxd5 Rxh4 54. Nxa7 Ke6 55. Rd8 Be7 56. Rb8 Bd6 57. Rxb6 Kd5 58. Nc8 Bc5 59. a7 Ra4 60. Ra6 Rxa6 61. bxa6 Bxa7 62. Nxa7 Kc5 63. Nb5 1-0

[Event "Austrian Women Bundesliga 2023-24"]
[Site "Austria"]
[Date "2024.04.14"]
[Round "9.6"]
[White "Kejzar, Petra"]
[Black "Janzelj, Lara"]
[Result "0-1"]
[ECO "D23"]
[WhiteElo "2049"]
[BlackElo "2167"]
[Annotator "TA"]
[PlyCount "96"]
[EventDate "2023.11.21"]
[EventType "team-tourn"]
[EventCountry "AUT"]
[SourceTitle "playchess.com"]
[Source "ChessBase"]
[SourceQuality "1"]
[TimeControl "40/5400+30:1800+30"]

1. d4 d5 2. c4 c6 3. Nf3 Nf6 4. Qb3 dxc4 5. Qxc4 Bf5 6. g3 e6 7. Bg2 Be7 8. O-O O-O 9. Nc3 Nbd7 10. e3 Ne4 11. Nd2 Nxd2 12. Bxd2 Bg6 13. Qe2 Nf6 14. Rfc1 Qd6 {[%emt 0:06:36] White has an edge.} 15. f4 Rfd8 16. Be1 Rac8 {[%emt 0:05:25] [#]} 17. b4 Nd5 (17... Qxb4 $15 18. Nd5 Qa3 (18... cxd5 $2 19. Bxb4 Bxb4 20. Qb2 $18) 19. Nxf6+ gxf6 (19... Bxf6 20. Rc3 $17)) 18. Ne4 Qb8 19. a3 b6 20. Nf2 Bf8 21. e4 Nf6 22. Bc3 c5 23. dxc5 ({Better is} 23. bxc5 $16 h5 (23... bxc5 24. d5 $16) 24. Rab1) 23... bxc5 $11 24. h4 (24. b5 {is superior.}) 24... Nh5 (24... cxb4 $11 25. Bxb4 Bxb4 26. axb4 Rxc1+ (26... Qxb4 27. Rxc8 Rxc8 28. Rxa7 $15) 27. Rxc1 Qxb4) 25. Qf3 (25. Be5 $1 $14 Bd6 (25... Nxg3 26. Qe3 $16) 26. Bxd6 Qxd6 27. Qe3 cxb4 28. axb4) 25... cxb4 26. axb4 f5 (26... Bxb4 27. Bxb4 Qxb4 28. Rxc8 Rxc8 29. f5 $14) 27. exf5 exf5 28. Be5 (28. Be1 $11) 28... Rxc1+ $17 29. Rxc1 Qxb4 30. Nd3 {[%emt 0:01:18] [#]} (30. Kh2 $142) 30... Qb5 (30... Qd2 $1 $17 31. Rd1 Qc2) 31. Bf1 Bf7 32. Kh2 (32. Nf2 $142 Qb6 33. Bc7) 32... a5 (32... Nf6 $17 {...Ng4+ would now be deadly.} 33. Nf2 Qb4) 33. Ba1 $2 {[%emt 0:00:00] Now White is beyond hope.} ({White should play} 33. Bc3 $1 $15) 33... Qb3 $19 {[%emt 0:02:05] ...Nf6 is the strong threat.} 34. Be2 Nf6 35. Bxf6 $2 (35. Ne5 Qxf3 36. Bxf3) 35... gxf6 36. g4 fxg4 37. Qxg4+ Kh8 38. Qf5 Qe6 39. Qxe6 Bxe6 40. Rc6 Bd6 41. Kg3 a4 42. Nb2 $2 (42. Nc5 Bd5 43. Rxd6 Rxd6 44. Nxa4) 42... Bd5 43. Ra6 $2 (43. Rxd6 Rxd6 44. Nxa4) 43... a3 {[%emt 0:07:29] Black is clearly winning.} 44. Nc4 Rg8+ 45. Kf2 Rg2+ 46. Kf1 Bc5 {[%emt 0:00:39][%csl Gc5][%cal Rg2g1] This pair of bishops is nice.} 47. Bd3 a2 48. Ke1 Rg1+ {[%emt 0:00:19] Weighted Error Value: White=0.64/Black=0.35.  Mistake:       	White=11    	Black=4      Inaccurate:     	White=4     	Black=5      OK:         	White=6     	Black=8      Best:        	White=1     	Black=2} 0-1

[Event "Austrian Women Bundesliga 2023-24"]
[Site "Austria"]
[Date "2024.04.14"]
[Round "9.7"]
[White "Hercog, Nusa"]
[Black "Hiebler, Laura"]
[Result "1/2-1/2"]
[ECO "E43"]
[WhiteElo "2034"]
[BlackElo "1999"]
[Annotator "NA RC"]
[PlyCount "64"]
[EventDate "2023.11.21"]
[EventType "team-tourn"]
[EventCountry "AUT"]
[SourceTitle "playchess.com"]
[Source "ChessBase"]
[SourceQuality "1"]
[TimeControl "40/5400+30:1800+30"]

1. d4 Nf6 2. c4 e6 3. Nc3 Bb4 4. Nf3 b6 5. e3 Bb7 6. Bd3 O-O 7. O-O d6 8. Na4 d5 9. c5 bxc5 10. a3 c4 11. Bxh7+ Nxh7 12. axb4 Nd7 13. b3 cxb3 14. Qxb3 Ba6 15. Re1 Bc4 16. Qc3 Nhf6 17. Nd2 Bb5 18. f3 c6 19. e4 a5 20. Bb2 axb4 21. Qxb4 Bxa4 22. Rxa4 Qb6 23. Qxb6 Nxb6 24. Rxa8 Rxa8 25. Ra1 Rxa1+ 26. Bxa1 Nfd7 27. Kf2 c5 28. dxc5 Nxc5 29. Bd4 Ncd7 30. Bxb6 Nxb6 31. Ke3 dxe4 32. Nxe4 Kf8 1/2-1/2

[Event "Austrian Women Bundesliga 2023-24"]
[Site "Austria"]
[Date "2024.04.14"]
[Round "9.8"]
[White "Krassnitzer, Julia"]
[Black "Mihelic, Vesna"]
[Result "0-1"]
[ECO "C56"]
[WhiteElo "1875"]
[BlackElo "2157"]
[Annotator "RC"]
[PlyCount "56"]
[EventDate "2023.11.21"]
[EventType "team-tourn"]
[EventCountry "AUT"]
[SourceTitle "playchess.com"]
[Source "ChessBase"]
[SourceQuality "1"]
[TimeControl "40/5400+30:1800+30"]

1. e4 e5 2. Nf3 Nc6 3. Bc4 Bc5 4. c3 Nf6 5. d4 exd4 6. O-O Nxe4 7. cxd4 d5 8. dxc5 dxc4 9. Qe2 Qd3 10. Re1 f5 11. Nc3 O-O 12. Nxe4 fxe4 13. Qxe4 Bf5 14. Qh4 Qd5 15. Be3 Bd3 16. a3 Rxf3 17. Bf4 Rf8 18. gxf3 Nd4 19. Re3 Nxf3+ 20. Rxf3 Qxf3 21. Be5 Be4 22. Kf1 Qh1+ 23. Ke2 Bd3+ 24. Kd2 Qxa1 25. Qe7 Qg1 26. Bd4 Qg4 27. Qxc7 Qe2+ 28. Kc3 Qe1# 0-1

[Event "Austrian Women Bundesliga 2023-24"]
[Site "Austria"]
[Date "2024.04.14"]
[Round "9.9"]
[White "Hrescak, Ivana"]
[Black "Heinatz, Gundula"]
[Result "1/2-1/2"]
[ECO "D27"]
[WhiteElo "2090"]
[BlackElo "2116"]
[Annotator "NA RC"]
[PlyCount "89"]
[EventDate "2023.11.21"]
[EventType "team-tourn"]
[EventCountry "AUT"]
[SourceTitle "playchess.com"]
[Source "ChessBase"]
[SourceQuality "1"]
[TimeControl "40/5400+30:1800+30"]

1. d4 d5 2. c4 dxc4 3. Nf3 a6 4. a4 Nf6 5. e3 e6 6. Bxc4 c5 7. O-O Nc6 8. Nc3 cxd4 9. exd4 Nb4 10. Ne5 Be7 11. Re1 O-O 12. Bg5 h6 13. Bh4 Nc6 14. Nxc6 bxc6 15. Re2 a5 16. Rd2 Ba6 17. Qe2 Bxc4 18. Qxc4 Qb6 19. Bxf6 Bxf6 20. Ne4 Be7 21. Rc1 Qb4 22. Qxb4 Bxb4 23. Rd3 Rac8 24. Kf1 Rfd8 25. Ke2 Kf8 26. Nd2 Rd5 27. Nf3 f6 28. h4 h5 29. g3 Ke7 30. Nh2 e5 31. dxe5 Rxe5+ 32. Re3 Rxe3+ 33. Kxe3 c5 34. b3 Ba3 35. Ra1 Bb2 36. Rb1 Bd4+ 37. Ke2 Kd6 38. Nf3 Re8+ 39. Kf1 Bc3 40. Rd1+ Kc6 41. Rc1 Bb4 42. Nd4+ Kb6 43. Nf5 g6 44. Ne3 Rd8 45. Nc4+ 1/2-1/2